 Dungeon Crawl Stone Soup version 0.32-a0-868-g153ae1a8d6 (webtiles) character file.

Game seed: 11905764739024846412

151 Jaxible the Cudgeller (level 5, 0/46 HPs)
             Began as a Mountain Dwarf Fighter on Mar 28, 2024.
             Was an Initiate of Qazlal.
             Frozen to death by an endoplasm (2 damage)
             ... on level 4 of the Dungeon.
             The game lasted 00:10:14 (2375 turns).

Jaxible the Cudgeller (Mountain Dwarf Fighter)      Turns: 2375, Time: 00:10:18

Health: 0/46       AC:  5    Str: 20    XL:     5   Next: 11%
Magic:  5/5        EV:  9    Int:  9    God:    Qazlal [......]
Gold:   123        SH:  4    Dex:  9    Spells: 4/4 levels left

rFire   + . .        a - +0 flail
rCold   + . .        c - +0 buckler
rNeg    . . .        F - +1 leather armour of the Doldrums {Will++}
rPois   +            l - +0 helmet
rElec   +            (no cloak)
rCorr   +            (no gloves)
SInv    .            (no boots)
Will    +++..        (no amulet)
Stlth   +            q - ring of poison resistance
HPRegen 0.27/turn    B - +4 ring of slaying
MPRegen 0.09/turn

%: no passive effects
@: resistant, enlightened, flying
A: runic magic, artefact enchanting
a: Renounce Religion


You were on level 4 of the Dungeon.
You worshipped Qazlal.
Qazlal was noncommittal.
You visited 1 branch of the dungeon, and saw 4 of its levels.

You collected 123 gold pieces.

Inventory:

Hand Weapons
 a - a +0 flail (weapon)
 e - a +0 hand axe
 o - a +0 mace
 D - a +0 falchion
 G - a +0 trident
Missiles
 s - 3 atropa-tipped darts (quivered)
 C - 17 poisoned darts
Armour
 b - a +0 scale mail
 c - a +0 buckler (worn)
 j - a +0 leather armour
 l - a +0 helmet (worn)
 x - a +0 ring mail
 F - the +1 leather armour of the Doldrums (worn) {Will++}
   (You found it on level 3 of the Dungeon)

   Will++:    It greatly increases your willpower.
Jewellery
 q - a ring of poison resistance (left hand)
 y - a ring of resist corrosion
 B - a +4 ring of slaying (right hand)
Talismans
 p - a flux talisman
Wands
 t - a wand of paralysis (7)
Scrolls
 i - a scroll of revelation {unknown}
 m - 4 scrolls of identify {unknown}
 n - a scroll of teleportation {unknown}
 r - a scroll of noise {unknown}
 u - a scroll of summoning {unknown}
 v - a scroll of brand weapon {unknown}
 w - 3 scrolls of amnesia {unknown}
 E - a scroll of fear {unknown}
Potions
 d - a potion of might
 k - 2 potions of enlightenment
 z - a potion of attraction {unknown}
 A - a potion of degeneration {unknown}


   Skills:
 + Level 4.0 Fighting
 + Level 4.6 Maces & Flails
 + Level 4.2 Armour
 + Level 0.2 Dodging
 + Level 0.1 Stealth
 + Level 3.7 Shields


You had 4 spell levels left.
You didn't know any spells.
Your spell library contained the following spells:

 Spells                   Type           Power      Damage    Failure   Level
 Freeze                   Ice            0%         1d3       45%         1
 Blink                    Tloc           0%         N/A       61%         2
 Lesser Beckoning         Tloc           0%         N/A       61%         2
 Mercury Vapours          Alch/Air       0%         N/A       61%         2
 Momentum Strike          Conj/Tloc      0%         3d8       61%         2
 Frozen Ramparts          Ice            0%         1d1       83%         3
 Hailstorm                Conj/Ice       0%         3d5       83%         3
 Mephitic Cloud           Conj/Alch/Air  0%         N/A       83%         3
 Freezing Cloud           Conj/Ice/Air   0%         6-21      100%        5


Dungeon Overview and Level Annotations

Branches:
Dungeon (4/15)
 Temple: D:4-7

Altars:
Hepliaklqana
Qazlal


Innate Abilities, Weirdness & Mutations

Your spellcasting is much less encumbered by armour.
You can use scrolls of enchantment on lesser artefacts.


Message History

The endoplasm freezes you.
You are frozen.
* * * LOW HITPOINT WARNING * * *
The endoplasm misses you. The endoplasm freezes you.
You are frozen.
* * * LOW HITPOINT WARNING * * *
It was a potion of enlightenment.
You feel very buoyant.
You fly up into the air.
The endoplasm freezes you.
You are frozen.
* * * LOW HITPOINT WARNING * * *
The endoplasm freezes you.
You are frozen.
* * * LOW HITPOINT WARNING * * *
The endoplasm freezes you.
You are frozen.
* * * LOW HITPOINT WARNING * * *
The endoplasm barely misses you.
It was a potion of curing.
You feel better. The endoplasm freezes you.
You are frozen.
* * * LOW HITPOINT WARNING * * *
The endoplasm hits you but does no damage.
The endoplasm freezes you.
You are frozen.
* * * LOW HITPOINT WARNING * * *
It was a potion of magic.
Magic courses through your body. The endoplasm barely misses you. x2
The endoplasm freezes you.
You are frozen.
* * * LOW HITPOINT WARNING * * *
It was a potion of resistance.
You feel protected. You block the jelly's attack.
The endoplasm closely misses you.
The endoplasm hits you but does no damage.
The endoplasm freezes you.
You are frozen.
You resist.
You die...

... .. #. ########
##.## ##########@JJ.÷.#
#...###......##JJJ.P÷P#
#...##.......#.#J.....#
#..').......#.#..÷..÷#
#..').......#)#......#
##..'......#'#.#.÷P.PP#
....##.....#.#.#..÷...#
....###....#.#.#.÷.PP.#
##.##
#######.##J÷.J.÷#####


You could see a jelly and 5 endoplasms.

Vanquished Creatures
  A jelly (D:4)
  An orc wizard (D:3)
  2 adders
  3 dart slugs
  A ribbon worm (D:3)
  4 orcs (D:3)
  3 endoplasms
  3 giant cockroaches
  4 goblins (D:3)
  5 hobgoblins
  2 jackals (D:1)
  13 kobolds
  2 quokkas
  8 ball pythons
  4 bats
  4 frilled lizards
  7 rats
67 creatures vanquished.

Notes
Turn   | Place    | Note
-------+----------+-------------------------------------------
     0 | D:1      | Jaxible the Mountain Dwarf Fighter began the quest for the
                  | Orb.
     0 | D:1      | Reached XP level 1. HP: 19/19 MP: 1/1
   333 | D:1      | Reached XP level 2. HP: 24/26 MP: 2/2
   865 | D:2      | Reached XP level 3. HP: 31/33 MP: 3/3
  1003 | D:2      | You fall into a shaft and drop 1 floor!
  1604 | D:3      | Found a hazy altar of Hepliaklqana.
  1618 | D:3      | Found a stormy altar of Qazlal.
  1622 | D:3      | Became a worshipper of Qazlal Stormbringer
  1936 | D:3      | Identified the +1 leather armour of the Doldrums {Will++}
  1981 | D:3      | Reached XP level 4. HP: 30/40 MP: 4/4
  2369 | D:4      | Reached XP level 5. HP: 24/46 MP: 5/5
  2374 | D:4      | HP: 2/46 [frozen (2)]
  2375 | D:4      | Frozen to death by an endoplasm

Illustrated notes

Levels and vault maps discovered:
D:1:      enne_arrival_octagon_isle, layout_basic
D:2:      layout_rooms
D:3:      corexii_shack_village, layout_basic, mainiacjoe_overflow_swirl
D:4:      cheibrodos_fertilizer, layout_gridville, trog_book, xom_teletrap_fun,
          grunt_ministairs_1, st_stairs_6

Skill      XL: |  1  2  3  4 |
---------------+-------------+-----
Maces & Flails | 3 4 |  4.6
Fighting       | 4 |  4.0
Armour         | 4 |  4.2
Dodging        | |  0.2
Stealth        | |  0.1
Shields        | |  3.7

Action                     |  1- 3 |  4- 6 || total
---------------------------+-------+-------++-------
  Melee: Flail             |   150 |    33 ||   183
    Use: Potion            |       |     4 ||     4
 Armour: Scale mail        |   150 |       ||   150
         Leather armour    |     3 |    23 ||    26
  Dodge: Dodged            |    54 |    19 ||    73
  Block: Buckler           |    40 |    11 ||    51

Table legend: (Time is in decaauts)
 A = Elapsed time spent in this place.
 B = Non-inter-level travel time spent in this place.
 C = Inter-level travel time spent in this place.
 D = Time resting spent in this place.
 E = Time spent auto-exploring this place.
 F = Levels seen in this place.
 G = Mean time per level.
                   A        B        C        D        E       F      G
               +--------+--------+--------+--------+--------+-----+--------+
         Total |   2422 |   2422 |      0 |      0 |   1445 |   4 |  605.5 |
       Dungeon |   2422 |   2422 |      0 |      0 |   1445 |   4 |  605.5 |
               +--------+--------+--------+--------+--------+-----+--------+

Top non-repeatable levels by time:
     D:3: 1042 daAuts
     D:1: 837 daAuts
     D:2: 443 daAuts
     D:4: 99 daAuts
